 Dungeon Crawl Stone Soup version 0.31-a0-983-g7b6862f502 (webtiles) character file.

Game seed: 18010946068487691553

2038 protoss039 the Digger (level 9, 67/67 HPs)
             Began as a Demonspawn Earth Elementalist on Nov 2, 2023.
             Was a Follower of Vehumet.
             Got out of the dungeon alive.
             The game lasted 00:10:51 (6472 turns).

protoss039 the Digger (DsEE)                        Turns: 6472, Time: 00:10:52

Health: 67/67      AC: 10    Str: 14    XL:     9   Next: 4%
Magic:  16/16      EV: 12    Int: 21    God:    Vehumet [*.....]
Gold:   380        SH:  0    Dex: 14    Spells: 11/17 levels left

rFire   + . .        F - +3 dagger (venom)
rCold   . . .        (no shield)
rNeg    . . .        w - +0 leather armour {rF+}
rPois   +            (helmet restricted)
rElec   .            f - +0 cloak
rCorr   .            (no gloves)
SInv    .            q - +1 pair of boots of the Bulwark {Rampage *Slow Str+6}
Will    .....        k - amulet of regeneration
Stlth   ++           j - ring of poison resistance
HPRegen 1.11/turn    s - +4 ring of protection
MPRegen 0.15/turn

%: slow self (1%), rampage
@: no status effects
A: horns 2, foul stench 1, demonic magic 1
a: Renounce Religion


You escaped.
You worshipped Vehumet.
Vehumet was aware of your devotion.
You visited 2 branches of the dungeon, and saw 8 of its levels.

You collected 380 gold pieces.

Inventory:

Hand Weapons
 F - a +3 dagger of venom (weapon)
Armour
 f - a +0 cloak (worn)
 q - the +1 pair of boots of the Bulwark (worn) {Rampage *Slow Str+6}
   (You found it on level 3 of the Dungeon)

   Str+6:     It affects your strength (+6).
   *Slow:     It may slow you when you take damage.
   Rampage:   It bestows one free step when moving towards enemies.
 w - a +0 leather armour of fire resistance (worn)
Magical Staves
 u - a staff of conjuration
Jewellery
 h - a ring of fire
 j - a ring of poison resistance (left hand)
 k - an amulet of regeneration (around neck)
 s - a +4 ring of protection (right hand)
 D - an amulet of guardian spirit
 E - a ring of positive energy
Wands
 t - a wand of charming (27)
Scrolls
 a - a scroll of poison {unknown}
 c - a scroll of identify
 d - a scroll of acquirement {unknown}
 g - 8 scrolls of teleportation
 m - 3 scrolls of fog
 r - a scroll of enchant weapon {unknown}
 x - a scroll of enchant armour {unknown}
 y - a scroll of torment {unknown}
 z - a scroll of noise {unknown}
Potions
 b - 2 potions of magic
 e - 2 potions of enlightenment
 i - a potion of resistance {unknown}
 l - 3 potions of heal wounds
 n - a potion of curing {unknown}
 o - a potion of brilliance {unknown}
 v - a potion of haste {unknown}
 A - a potion of might {unknown}
 B - a potion of attraction {unknown}
 C - a potion of berserk rage {unknown}


   Skills:
 + Level 4.8 Fighting
 * Level 4.0 Short Blades
 + Level 3.7 Armour
 - Level 3.0 Dodging
 - Level 3.0 Stealth
 + Level 4.8 Spellcasting
 - Level 3.0 Conjurations
 - Level 1.0 Transmutations
 + Level 5.3 Earth Magic


You had 11 spell levels left.
You knew the following spells:

 Your Spells              Type           Power      Damage    Failure   Level
a - Sandblast             Erth           54%        2d13      1%          1
b - Passwall              Tmut/Erth      15%        N/A       5%          2
c - Stone Arrow           Conj/Erth      44%        3d9       8%          3

Your spell library contained the following spells:

 Spells                   Type           Power      Damage    Failure   Level
 Foxfire                  Conj/Fire      44%        2x1d6     8%          1
 Necrotise                Necr           20%        1d5       14%         1
 Brom's Barrelling Bould  Conj/Erth      22%        2d4       24%         4
 Petrify                  Tmut/Erth      18%        N/A       36%         4
 Frozen Ramparts          Ice            10%        1d2       38%         3
 Vampiric Draining        Necr           5%         2d6       38%         3
 Agony                    Necr           5%         N/A       98%         5
 Metabolic Englaciation   Hex/Ice        2%         N/A       98%         5
 Plasma Beam              Fire/Air       2%         2x1d12    100%        6
 Starburst                Conj/Fire      5%         6d4       100%        6


Dungeon Overview and Level Annotations

Branches:
Dungeon (7/15) Zot: 26222  Temple (1/1) D:4 Zot: 5981

Altars:
Ashenzari
Cheibriados
Dithmenos
Fedhas
Gozag
Hepliaklqana
Kikubaaqudgha
Makhleb
Nemelex Xobeh
Qazlal
Ru
Sif Muna
Trog
Vehumet
Wu Jian
Xom
Yredelemnul

Shops:
D:2 :


Innate Abilities, Weirdness & Mutations

You have a pair of horns on your head.
You may rarely emit foul miasma when damaged in melee.
Spells you cast may paralyse adjacent enemies.


Message History

Unknown command.
The helpless gnoll fails to defend itself.
You impale the gnoll!!
You kill the gnoll!
Vehumet accepts your kill.
Things that are here:
a +0 whip; a +0 shortbow Unknown command.
Your magical contamination has completely faded away.
Things that are here:
a +0 whip; a +0 shortbow
There is a stone staircase leading up here.
You climb upwards.
There is a stone staircase leading down here.
What level of the Dungeon? (default 7, ? - help) Magic restored.
There is a stone staircase leading up here.
You climb upwards.
There is a stone staircase leading down here.
There is a stone staircase leading up here.
You climb upwards.
There is a stone staircase leading down here.
There is a stone staircase leading up here.
You climb upwards.
There is a stone staircase leading down here.
There is a stone staircase leading up here.
You climb upwards.
There is a stone staircase leading down here.
You open the door.
There is an open door here.
There is an open door here.
You open the door.
There is an open door here.
There is a stone staircase leading up here.
You climb upwards.
There is a stone staircase leading down here.
You can't go up here!
There is an open door here.
There is a staircase leading out of the dungeon here.
You have escaped!

###### #....#
#########..#.#
###########.#.#
##⌠.⌠#..♣##.#.#
##...#....+.#.#
##♣..#..P##.#.#
♣_.>#@...'.#.#
##♣..#..P##.#.#########
##...#....'............
##⌠.⌠#..♣##.##.##.#####
###########.###.#.###..
#########..# #.......#
#.##...###.#.###.#
#.###.###..#.# #.# #.#
##...#.#.# #.#


There were no monsters in sight!

Vanquished Creatures
  Eustachio (D:4)
  A steam dragon (D:6)
  2 water moccasins
  A black bear (D:5)
  2 ogres
  A centaur (D:7)
  A bullfrog (D:7)
  6 scorpions
  5 killer bees (D:7)
  2 hounds
  A gnoll bouda (D:4)
  An orc priest (D:4)
  3 jellies
  2 sleepcaps (D:5)
  An iguana (D:4)
  An orc wizard (D:6)
  A mummy (D:6)
  5 gnolls
  13 adders
  2 white imps (D:5)
  A worm (D:3)
  A dart slug (D:3)
  13 orcs
  14 ball pythons
  4 bats
  6 endoplasms
  3 giant cockroaches
  10 goblins
  9 hobgoblins
  2 jackals (D:1)
  3 quokkas
  3 frilled lizards
  11 kobolds
  4 rats
136 creatures vanquished.

Vanquished Creatures (others)
  A human (D:5)
1 creature vanquished.

Grand Total: 137 creatures vanquished

Notes
Turn   | Place    | Note
-------+----------+-------------------------------------------
     0 | D:1      | protoss039 the Demonspawn Earth Elementalist began the
                  | quest for the Orb.
     0 | D:1      | Reached XP level 1. HP: 13/13 MP: 3/3
     6 | D:1      | You fall into a shaft and drop 1 floor!
   168 | D:2      | Gained mutation: Spells you cast may paralyse adjacent
                  | enemies. [demonic ancestry]
   168 | D:2      | Reached XP level 2. HP: 4/20 MP: 1/5
   257 | D:2      | Learned a level 2 spell: Passwall
   335 | D:1      | Reached skill level 1 in Fighting
   339 | D:1      | Reached skill level 3 in Earth Magic
   637 | D:1      | Gained mutation: You have a pair of small horns on your
                  | head. [demonic ancestry]
   637 | D:1      | Reached XP level 3. HP: 26/26 MP: 4/6
  1230 | D:1      | Learned a level 3 spell: Stone Arrow
  1340 | D:2      | Noticed a walking earthen tome
  1343 | D:2      | Found Xiosuenu's Book Shoppe.
  1344 | D:2      | Noticed a walking earthen tome
  1846 | D:3      | Reached XP level 4. HP: 22/32 MP: 3/7
  1963 | D:3      | Reached skill level 1 in Short Blades
  2114 | D:3      | Identified the +1 pair of boots of the Bulwark {Rampage
                  | *Slow Str+6}
  2220 | D:3      | Found a burning altar of Makhleb.
  2537 | D:3      | Found a broken altar of Ashenzari.
  2539 | D:3      | Found a radiant altar of Vehumet.
  2539 | D:3      | Found a shadowy altar of Dithmenos.
  2541 | D:3      | Found a burning altar of Makhleb.
  2541 | D:3      | Found a shimmering altar of Xom.
  2798 | D:4      | Found a stormy altar of Qazlal.
  2860 | D:4      | Noticed Eustachio
  2870 | D:4      | Killed Eustachio
  2871 | D:4      | Reached XP level 5. HP: 32/38 MP: 0/9
  2991 | D:4      | Noticed an ogre
  2998 | D:4      | Killed an ogre
  2999 | D:4      | Reached skill level 1 in Transmutations
  2999 | D:4      | Reached XP level 6. HP: 37/46 MP: 6/10
  3345 | D:4      | Found a staircase to the Ecumenical Temple.
  3380 | Temple   | Entered the Ecumenical Temple
  3393 | Temple   | Became a worshipper of Vehumet
  3467 | D:4      | Reached skill level 1 in Armour
  3572 | D:4      | Found a blossoming altar of Fedhas.
  3746 | D:5      | Entered Level 5 of the Dungeon
  3861 | D:5      | Reached XP level 7. HP: 52/52 MP: 7/12
  3864 | D:5      | Reached skill level 4 in Earth Magic
  4417 | D:5      | Gained mutation: You have a pair of horns on your head.
                  | [demonic ancestry]
  4417 | D:5      | Reached XP level 8. HP: 60/60 MP: 9/14
  4677 | D:5      | Found an ancient bone altar of Kikubaaqudgha.
  4888 | D:6      | Found a bloodstained altar of Trog.
  4955 | D:6      | Found a snail-covered altar of Cheibriados.
  5036 | D:6      | Reached skill level 1 in Conjurations
  5036 | D:6      | Reached * piety under Vehumet
  5036 | D:6      | Offered knowledge of Foxfire by Vehumet.
  5601 | D:6      | Found a basalt altar of Yredelemnul.
  5637 | D:6      | Found an opulent altar of Gozag.
  5637 | D:6      | Found a sparkling altar of Nemelex Xobeh.
  5843 | D:7      | Reached skill level 5 in Earth Magic
  6279 | D:7      | Gained mutation: You may rarely emit foul miasma when
                  | damaged in melee. [demonic ancestry]
  6279 | D:7      | Reached XP level 9. HP: 56/67 MP: 10/16
  6472 | D:$      | Got out of the dungeon alive.

Illustrated notes

Levels and vault maps discovered:
D:1:      spicycebolla_arrival_ecumenical, layout_loops_ring,
          minmay_pentomino_s4
D:2:      layout_basic, serial_shops, nicolae_shop_mannequins,
          nicolae_hexahallways, chequers_arboretum
D:3:      layout_loops_ring, bloody_makhleb, doesnt_xom_only_xom, minmay_vboxes
D:4:      wander_river, layout_basic, fedhas_altar_2,
          nicolae_qazlal_general_emergency, minmay_temple_entry_large_hall,
          uniq_eustachio
D:5:      layout_cave_pods, tgw_kikubaaqudgha
D:6:      layout_loops_ring, lightli_temple_of_fire, slow_altar_2,
          grunt_temple_overflow_opulence, mainiacjoe_overflow_alcove_1,
          minmay_door_square, solitary_fountain
D:7:      layout_loops_ring, gammafunk_ghost_split
Temple:   nicolae_temple_ecumenical_triangle

Skill      XL: |  1  2  3  4  5  6  7  8 |
---------------+-------------------------+-----
Fighting       | 1 2 3 4 |  4.8
Earth Magic    | 3 4 5 |  5.3
Stealth        | 2 3 |  3.0
Short Blades   | 2 3 4 |  4.0
Spellcasting   | 3 4 |  4.8
Transmutations | 1 |  1.0
Dodging        | 2 3 |  3.0
Armour         | 1 2 3 |  3.7
Conjurations   | 3 |  3.0

Action                     |  1- 3 |  4- 6 |  7- 9 || total
---------------------------+-------+-------+-------++-------
  Melee: Whip              |    20 |    26 |       ||    46
         Dagger            |    41 |    18 |    36 ||    95
         Headbutt          |     1 |     7 |     3 ||    11
         Punch             |       |     1 |     1 ||     2
   Cast: Sandblast         |    43 |    52 |    84 ||   179
         Passwall          |     1 |       |       ||     1
         Stone Arrow       |       |     1 |       ||     1
    Use: Scroll            |     1 |     4 |       ||     5
   Stab: Sleeping          |     7 |     3 |       ||    10
         Paralysed         |     4 |     8 |    19 ||    31
 Armour: Robe              |    41 |    12 |       ||    53
         Leather armour    |       |    15 |    52 ||    67
  Dodge: Dodged            |    51 |    45 |    33 ||   129

Table legend: (Time is in decaauts)
 A = Elapsed time spent in this place.
 B = Non-inter-level travel time spent in this place.
 C = Inter-level travel time spent in this place.
 D = Time resting spent in this place.
 E = Time spent auto-exploring this place.
 F = Levels seen in this place.
 G = Mean time per level.
                   A        B        C        D        E       F      G
               +--------+--------+--------+--------+--------+-----+--------+
         Total |   6580 |   6278 |    302 |    178 |   4945 |   8 |  822.5 |
       Dungeon |   6561 |   6275 |    286 |    178 |   4945 |   7 |  937.3 |
        Temple |     18 |      2 |     16 |      0 |      0 |   1 |   18.0 |
               +--------+--------+--------+--------+--------+-----+--------+

Top non-repeatable levels by time:
     D:5: 1066 daAuts
     D:4: 1065 daAuts
     D:6: 1002 daAuts
     D:1: 982 daAuts
     D:2: 936 daAuts
     D:3: 897 daAuts
     D:7: 610 daAuts
  Temple: 18 daAuts
